 Dungeon Crawl Stone Soup version 0.27.1-33-g824d729ab1 (webtiles) character file.

Game seed: 7192930986740494035

618 Destapler the Shield-Bearer (level 7, -7/55 HPs)
             Began as a Formicid Fighter on Dec 22, 2021.
             Was a Priest of Dithmenos.
             Mangled by Prince Ribbit (10 damage)
             ... on level 5 of the Dungeon.
             The game lasted 00:11:57 (4959 turns).

Destapler the Shield-Bearer (Formicid Fighter)      Turns: 4959, Time: 00:11:58

Health: -7/55      AC:  4    Str: 23    XL:     7   Next: 74%
Magic:  9/9        EV: 10    Int:  7    God:    Dithmenos [***...]
Gold:   222        SH: 10    Dex: 10    Spells: 6/6 levels left

rFire    + . .     SeeInvis +   k - +3 spear (venom)
rCold    . . .     Faith    .   c - +0 kite shield
rNeg     . . .     Spirit   .   i - +1 leather armour {rF+}
rPois    .         Reflect  .   (helmet unavailable)
rElec    .         Harm     .   (no cloak)
rCorr    .         Rampage  .   (no gloves)
Will     .....                  (no boots)
Stlth    ++........             (no amulet)
HPRegen  0.18/turn              (no ring)
MPRegen  0.11/turn              (no ring)

@: wreathed by umbra
A: permanent stasis, dig shafts and tunnels, antennae 3, four strong arms
a: Dig, Shaft Self, Renounce Religion, Shadow Step


You were on level 5 of the Dungeon.
You worshipped Dithmenos.
Dithmenos was most pleased with you.
You visited 1 branch of the dungeon, and saw 5 of its levels.

You collected 222 gold pieces.

Inventory:

Hand Weapons
 a - a +0 long sword
 k - a +3 spear of venom (weapon)
Missiles
 f - 33 poisoned darts
 h - 2 javelins
 w - 5 boomerangs
Armour
 b - a +0 scale mail
 c - a +0 kite shield (worn)
 i - a +1 leather armour of fire resistance (worn)
Wands
 q - a wand of flame (13)
 t - a wand of paralysis (11)
Scrolls
 e - a scroll of teleportation
 s - a scroll of enchant armour
Potions
 d - a potion of heal wounds
 g - a potion of curing
 u - a potion of attraction


   Skills:
 + Level 4.4 Fighting
 - Level 2.0 Long Blades
 + Level 1.1 Polearms
 + Level 2.3 Throwing
 + Level 4.4 Armour
 - Level 2.0 Dodging
 + Level 3.0 Stealth
 - Level 5.0 Shields
 + Level 3.0 Invocations
 + Level 2.6 Evocations


You had 6 spell levels left.
You didn't know any spells.
Your spell library contained the following spells:

 Spells                   Type           Power      Damage    Failure   Level
 Ignite Poison            Fire/Tmut/Pois 0%         N/A       98%         3
 Mephitic Cloud           Conj/Pois/Air  0%         N/A       98%         3
 Bolt of Magma            Conj/Fire/Erth 0%         4d4       100%        5
 Iskenderun's Battlesphe  Conj           0%         2d6       100%        5
 Iron Shot                Conj/Erth      0%         9d1       100%        6
 Spellforged Servitor     Conj/Summ      0%         N/A       100%        7


Dungeon Overview and Level Annotations

Branches:
Dungeon (5/15)
 Temple: D:4-7

Altars:
Cheibriados
Dithmenos
Kikubaaqudgha
Qazlal
Trog
Yredelemnul

Annotations:
D:5 Prince Ribbit


Innate Abilities, Weirdness & Mutations

You cannot be hasted, slowed, berserked, paralysed or teleported.
You can dig through walls and to a lower floor.
You have a pair of large antennae on your head. (SInv)
Your four strong arms can wield two-handed weapons with a shield.


Message History

Dithmenos accepts your kill.
You hit the orc.
The orc is severely wounded.
Prince Ribbit misses you. You block the orc's attack. x2
Prince Ribbit hits you!
You barely miss the orc.
The orc is severely wounded.
Prince Ribbit barely misses you. The orc hits you with a +0 dagger.
You block the orc's attack. Prince Ribbit hits you. The orc barely misses you.
The orc hits you but does no damage.
You hit Prince Ribbit.
Prince Ribbit is poisoned.
Prince Ribbit is lightly wounded.
You block Prince Ribbit's attack. The orc hits you but does no damage.
The orc barely misses you.
You closely miss Prince Ribbit.
Prince Ribbit is lightly wounded.
Prince Ribbit hits you! You block the orc's attack.
Prince Ribbit closely misses you. You block the orc's attack.
You barely miss Prince Ribbit.
Prince Ribbit is lightly wounded.
Prince Ribbit barely misses you. The orc hits you with a +0 dagger.
You block the orc's attack. You block Prince Ribbit's attack.
You hit Prince Ribbit.
Prince Ribbit looks as sick as possible!
Prince Ribbit is moderately wounded.
The orc closely misses you.
Prince Ribbit asks, "Just a little smooch?"
You block Prince Ribbit's attack. The orc misses you.
Prince Ribbit barely misses you. Prince Ribbit hits you!
* * * LOW HITPOINT WARNING * * *
The orc closely misses you.
There is a stone staircase leading up here.
You hit Prince Ribbit.
Prince Ribbit looks as sick as possible!
Prince Ribbit is heavily wounded.
The orc hits you but does no damage. You block Prince Ribbit's attack.
You block the orc's attack. x2; Prince Ribbit hits you!!
* * * LOW HITPOINT WARNING * * *
Prince Ribbit hits you!
You die...

.#.. ###
.... ...
..... #.##
..... . #..
..... ...
#.##.....
.....#@..#
......oFo.#
..........#{
######$)..#
......#
###.....
#######


You could see Prince Ribbit (extremely poisoned) and 2 orcs.

Vanquished Creatures
  A necrophage (D:4)
  An ogre (D:4)
  A scorpion (D:4)
  A howler monkey (D:4)
  An orc priest (D:3)
  An iguana (D:4)
  Terence (D:2)
  A hound skeleton (D:4)
  Robin (D:3)
  7 gnolls (D:3)
  2 adders
  An adder skeleton (D:4)
  2 dart slugs (D:1)
  7 orcs
  4 bats
  3 endoplasms
  3 giant cockroaches
  32 goblins
  33 hobgoblins
  6 jackals (D:3)
  4 kobolds
  4 quokkas
  8 ball pythons
  5 frilled lizards
  7 rats
137 creatures vanquished.

Notes
Turn   | Place    | Note
-------+----------+-------------------------------------------
     0 | D:1      | Destapler the Formicid Fighter began the quest for the Orb.
     0 | D:1      | Reached XP level 1. HP: 18/18 MP: 1/1
    54 | D:1      | Reached XP level 2. HP: 19/24 MP: 2/2
   579 | D:1      | Reached XP level 3. HP: 29/29 MP: 3/3
   676 | D:1      | Reached skill level 1 in Evocations
   818 | D:1      | Reached skill level 1 in Stealth
   951 | D:2      | Found an ancient bone altar of Kikubaaqudgha.
  1266 | D:2      | Found a faded altar of an unknown god.
  1272 | D:2      | Became a worshipper of Dithmenos the Shadowed
  1272 | D:2      | Reached * piety under Dithmenos
  1618 | D:3      | Reached skill level 1 in Invocations
  1618 | D:3      | Reached XP level 4. HP: 30/35 MP: 4/4
  1625 | D:3      | Reached skill level 4 in Shields
  1626 | D:3      | HP: 1/35 [hobgoblin/sling bullet (6)]
  1972 | D:3      | Reached skill level 1 in Throwing
  1989 | D:3      | Reached skill level 1 in Dodging
  2053 | D:3      | Reached XP level 5. HP: 37/42 MP: 5/5
  2517 | D:3      | Reached ** piety under Dithmenos
  2936 | D:3      | Reached XP level 6. HP: 9/48 MP: 7/7
  2936 | D:3      | HP: 2/48 [kobold (1)]
  2941 | D:3      | HP: 2/48 [kobold (2)]
  3261 | D:3      | Reached *** piety under Dithmenos
  3559 | D:3      | Noticed Terence
  3564 | D:3      | Noticed Robin
  3571 | D:2      | Killed Terence
  3675 | D:3      | Killed Robin
  3857 | D:3      | Found a stormy altar of Qazlal.
  4123 | D:4      | Found a snail-covered altar of Cheibriados.
  4267 | D:4      | Noticed an ogre
  4272 | D:4      | Killed an ogre
  4273 | D:4      | Reached XP level 7. HP: 33/54 MP: 8/8
  4607 | D:4      | Reached skill level 1 in Polearms
  4627 | D:4      | Found a bloodstained altar of Trog.
  4627 | D:4      | Found a basalt altar of Yredelemnul.
  4628 | D:4      | Found an ancient bone altar of Kikubaaqudgha.
  4895 | D:5      | Entered Level 5 of the Dungeon
  4935 | D:4      | Reached skill level 5 in Shields
  4949 | D:5      | Noticed Prince Ribbit
  4959 | D:5      | Mangled by Prince Ribbit

Illustrated notes

Levels and vault maps discovered:
D:1:      lightli_arrival_isolated_outpost, layout_basic
D:2:      layout_loops_ring, basic_altar, basic_ecumenical_altar
D:3:      minmay_goblin_kobold_castle, layout_basic,
          mainiacjoe_overflow_surrounded_room, uniq_terence, uniq_robin
D:4:      wander_river, layout_cave_pools, gammafunk_temple_overflow_claw,
          mainiacjoe_overflow_six_doors_small, bh_walls_and_bars
D:5:      layout_basic, nicolae_vehumet_altar_sigil,
          minmay_temple_entry_statues_pillars, serial_curves, eino_curves_02,
          eino_curves_02, eino_curves_02, eino_curves_04,
          ebering_ghost_reflecting_pool, portal_sewer_entry_d,
          uniq_prince_ribbit1

Skill      XL: |  1  2  3  4  5  6  7 |
---------------+----------------------+-----
Evocations     | 1 2 |  2.6
Stealth        | 1 2 3 |  3.0
Invocations    | 1 2 3 |  3.0
Shields        | 4 5 |  5.0
Throwing       | 1 2 |  2.3
Dodging        | 1 2 |  2.0
Armour         | 4 |  4.4
Fighting       | 4 |  4.4
Polearms       | 1 |  1.1
Long Blades    | |  2.0

Action                   |  1- 3 |  4- 6 |  7- 9 || total
-------------------------+-------+-------+-------++-------
Melee: Long sword        |    30 |       |       ||    30
       Spear             |    48 |   278 |    36 ||   362
 Abil: Dig               |       |     3 |       ||     3
  Use: Potion            |       |    10 |       ||    10
       Scroll            |       |     4 |     4 ||     8
Armor: Scale mail        |    37 |   141 |     5 ||   183
       Leather armour    |       |       |     3 ||     3
Dodge: Dodged            |    29 |   167 |    17 ||   213
Block: Kite shield       |    35 |   195 |    26 ||   256
       Rpst.: Long sword |     4 |       |       ||     4
